 Dungeon Crawl Stone Soup version 0.32-a0-673-g3729bd50f8 (webtiles) character file.

Game seed: 18373060118466423122

2489 shadizar the Fighter (level 9, -3/70 HPs)
             Began as a Djinni Conjurer on Mar 10, 2024.
             Was a Follower of Makhleb.
             Slain by an unseen horror (6 damage)
             ... on level 6 of the Dungeon.
             The game lasted 00:10:51 (6870 turns).

shadizar the Fighter (Djinni Conjurer)              Turns: 6870, Time: 00:10:52

Health: -3/70      AC:  8    Str:  6    XL:     9   Next: 81%
Gold:   299        EV: 12    Int: 24    God:    Makhleb [*.....] SH:  5 Dex: 12

rFire   + + +        c - +6 spear (heavy)
rCold   x . .        (no shield)
rNeg    . . .        m - +3 leather armour
rPois   ∞            n - +1 helmet
rElec   .            (no cloak)
rCorr   .            (no gloves)
SInv    .            (boots unavailable)
Will    +....        f - amulet of reflection
Stlth   +            l - ring of willpower
HPRegen 0.31/turn    g - ring of protection from fire
MPRegen 0.00/turn

%: reflection, infuse magic (-4 HP)
@: flying
A: sickness immunity, fire resistance 2, cold vulnerability 1, float, innate
caster, HP casting, extra vitality 1
a: Renounce Religion


You were on level 6 of the Dungeon.
You worshipped Makhleb.
Makhleb was aware of your devotion.
You visited 2 branches of the dungeon, and saw 8 of its levels.

You collected 299 gold pieces.

Inventory:

Hand Weapons
 c - a +6 heavy spear (weapon)
Armour
 m - a +3 leather armour (worn)
 n - a +1 helmet (worn)
 o - a +0 ring mail of cold resistance
Jewellery
 f - an amulet of reflection (around neck)
 g - a ring of protection from fire (right hand)
 l - a ring of willpower (left hand)
Wands
 j - a wand of flame (21)
Scrolls
 b - 7 scrolls of teleportation
 i - 2 scrolls of poison
 r - a scroll of silence
 u - 2 scrolls of noise
Potions
 a - a potion of curing {unknown}
 d - a potion of magic {unknown}
 e - 3 potions of haste
 h - 2 potions of attraction
 k - a potion of heal wounds {unknown}
 p - 3 potions of lignification
 q - a potion of invisibility {unknown}
 s - a potion of cancellation
 t - a potion of ambrosia {unknown}


   Skills:
 - Level 8.1 Fighting
 - Level 4.4 Armour
 - Level 5.0 Dodging
 - Level 1.6 Stealth
 + Level 6.6 Spellcasting
 + Level 6.6 Conjurations
 + Level 6.6 Hexes
   Level 0.0 Charms
 + Level 6.6 Summonings
 + Level 6.6 Necromancy
 + Level 6.6 Translocations
   Level 0.0 Transmutations
 + Level 6.6 Fire Magic
 + Level 6.6 Ice Magic
 + Level 6.6 Air Magic
 + Level 6.6 Earth Magic
 + Level 6.6 Alchemy


You knew the following spells:

 Your Spells              Type           Power      Damage    Failure   Level
a - Magic Dart            Conj           100%       1d8       1%          1
b - Searing Ray           Conj           80%        2d7       1%          2
c - Fulminant Prism       Conj/Alch      20%        3d12      7%          4
d - Iskenderun's Mystic   Conj/Tloc      40%        2d9       7%          4
e - Necrotise             Necr           100%       1d9       1%          1
f - Static Discharge      Conj/Air       80%        3-7/arc   1%          2
g - Fugue of the Fallen   Necr           40%        N/A       2%          3
h - Stone Arrow           Conj/Erth      80%        3d12      2%          3
Your spell library was empty.

Dungeon Overview and Level Annotations

Branches:
Dungeon (7/15)             Temple (1/1) D:5

Altars:
Ashenzari
Cheibriados
Dithmenos
Elyvilon
Fedhas
Gozag
Hepliaklqana
Makhleb
Nemelex Xobeh
Okawaru
Qazlal
Ru
Trog
Uskayaw
Wu Jian
Xom
Yredelemnul
Zin
The Shining One

Shops:
D:7 *

Annotations:
D:3 2 transporters, mrw0lf's ghost, weakling MDFi
D:4 3 runed translucent doors, fpsbossfight's ghost, amateur MiFi


Innate Abilities, Weirdness & Mutations

You are immune to sickness and miasma.
You are immune to poison.
Your flesh is very heat resistant. (rF++)
You are vulnerable to cold. (rC-)
You float through the air rather than walking.
You learn spells naturally, not from books.
Your magical power is your life essence.
You have superior vitality. (+4 MHP)


Message History

There is a stone staircase leading up here.
Something hits you.
You fly upwards.
Reactivating autopickup.
There is a stone staircase leading down here.
Something hits you but does no damage.
Deactivating autopickup; reactivate with Ctrl-A.
Something hits you. Something hits you but does no damage. Something hits you.
Something hits you but does no damage. Something hits you!
Something hits you but does no damage.
You barely miss something. You block something's attack.
Something hits you but does no damage. Something hits you. x2
You puncture something! Something hits you but does no damage.
Something hits you. Something hits you but does no damage.
Something hits you but does no damage. x2
There is a stone staircase leading down here.
Something hits you. Something hits you. You block something's attack.
Something hits you but does no damage. x2
You hit something. Something hits you but does no damage. Something hits you.
Something hits you but does no damage. Something hits you.
You puncture something! Something hits you.
You closely miss something. You block something's attack. Something hits you.
Something hits you but does no damage. x2
You completely miss something. Something hits you.
Something hits you but does no damage. Something barely misses you.
You barely miss something.
Something hits you but does no damage. x2
You miss something. Something hits you.
* * * LOW HITPOINT WARNING * * *
Something hits you but does no damage. Something hits you.
* * * LOW HITPOINT WARNING * * *
Something hits you!
* * * LOW HITPOINT WARNING * * *
You miss something. Something hits you.
* * * LOW HITPOINT WARNING * * *
Something hits you.
You die...

#.#.####..#######......
#.#....................
#.#####.......##..#.#.#
#.# ###.......)........
#.# #...#.#.#)##..#.#.#
###.###.#.#.#...##..#.#.#
#.......#.#.#.####.)#.#.#
#...)####.#.#.......#.#.#
#..>....@................
#....####.#...........#..
#....# #.###.#.#####....
#....# #.......#...#.#.#
###### #####.###.#.#.#..
#.#.#.#.#.#.#
#######.#...#.#.#..
#.......###.#.#.###
#.............#....


There were no monsters in sight!

Vanquished Creatures
  A shadow (D:5)
  A water moccasin (D:7)
  A black bear (D:3)
  7 ogres
  A centaur (D:7)
  2 bullfrogs (D:6)
  A gnoll sergeant (D:6)
  2 scorpions
  4 wights
  4 quasits (D:5)
  3 jellies (D:5)
  2 bombardier beetles (D:6)
  An orc priest (D:5)
  4 hounds
  4 iguanas
  4 orc wizards
  2 hound zombies (D:3)
  Robin (D:3)
  4 gnolls (D:6)
  10 adders
  2 shadow imps (D:5)
  2 white imps
  An ufetubus (D:5)
  An adder skeleton (D:3)
  6 dart slugs
  3 ribbon worms (D:2)
  15 orcs
  7 ball pythons
  7 bats
  5 endoplasms
  3 giant cockroaches
  16 goblins
  6 hobgoblins
  4 quokkas
  2 ball python skeletons (D:3)
  2 frilled lizards (D:2)
  2 giant cockroach zombies (D:3)
  11 kobolds
  3 quokka skeletons (D:3)
  8 rats
165 creatures vanquished.

Notes
Turn   | Place    | Note
-------+----------+-------------------------------------------
     0 | D:1      | shadizar the Djinni Conjurer began the quest for the Orb.
     0 | D:1      | shadizar set off with the following spells memorised: Magic
                  | Dart, Searing Ray, Fulminant Prism, Iskenderun's Mystic
                  | Blast.
     0 | D:1      | Reached XP level 1. HP: 15/15 MP: 0/0
    62 | D:1      | Reached XP level 2. HP: 20/21 MP: 0/0
   228 | D:1      | Reached XP level 3. HP: 18/25 MP: 0/0
   228 | D:1      | Learned a level 1 spell: Necrotise
  1061 | D:2      | Reached XP level 4. HP: 16/31 MP: 0/0
  1802 | D:3      | Reached XP level 5. HP: 26/35 MP: 0/0
  1802 | D:3      | Learned a level 2 spell: Static Discharge
  1880 | D:3      | Reached skill level 5 in Spellcasting
  1880 | D:3      | Reached skill level 5 in Conjurations
  1880 | D:3      | Reached skill level 5 in Hexes
  1880 | D:3      | Reached skill level 5 in Summonings
  1880 | D:3      | Reached skill level 5 in Necromancy
  1880 | D:3      | Reached skill level 5 in Translocations
  1880 | D:3      | Reached skill level 5 in Fire Magic
  1880 | D:3      | Reached skill level 5 in Ice Magic
  1880 | D:3      | Reached skill level 5 in Air Magic
  1880 | D:3      | Reached skill level 5 in Earth Magic
  1880 | D:3      | Reached skill level 5 in Alchemy
  2065 | D:3      | Found a sparkling altar of Nemelex Xobeh.
  2203 | D:3      | Noticed Robin
  2208 | D:3      | Killed Robin
  2358 | D:3      | Noticed a black bear
  2363 | D:3      | Killed a black bear
  2364 | D:3      | Reached XP level 6. HP: 35/40 MP: 0/0
  2417 | D:3      | Noticed mrw0lf's ghost (weakling MDFi)
  2418 | D:3      | Found a transporter.
  2418 | D:3      | Identified the +3 giant spiked club "Vompox" {drain, +Blink
                  | Int+5}
  2418 | D:3      | Noticed an ogre
  2419 | D:3      | Noticed an ogre
  2420 | D:3      | Noticed an ogre
  2423 | D:3      | Found a transporter.
  2716 | D:4      | Noticed an ogre
  2722 | D:4      | Killed an ogre
  2723 | D:4      | Reached skill level 2 in Fighting
  2723 | D:4      | Reached XP level 7. HP: 42/49 MP: 0/0
  2723 | D:4      | Learned a level 3 spell: Fugue of the Fallen
  2876 | D:4      | Found a shadowy altar of Dithmenos.
  2881 | D:4      | Found a sacrificial altar of Ru.
  2998 | D:4      | Reached skill level 3 in Fighting
  3170 | D:4      | Found a runed translucent gate.
  3171 | D:4      | Found a runed translucent gate.
  3171 | D:4      | Found a runed translucent gate.
  3172 | D:4      | Noticed fpsbossfight's ghost (amateur MiFi)
  3450 | D:5      | Entered Level 5 of the Dungeon
  3459 | D:5      | Reached skill level 4 in Fighting
  3716 | D:5      | Reached skill level 5 in Fighting
  3750 | D:5      | Found a staircase to the Ecumenical Temple.
  3750 | D:5      | Noticed a shadow
  3766 | D:5      | Killed a shadow
  3767 | D:5      | Reached XP level 8. HP: 2/61 MP: 0/0
  3969 | D:5      | Reached skill level 6 in Fighting
  4276 | D:5      | Reached skill level 7 in Fighting
  4523 | Temple   | Entered the Ecumenical Temple
  4531 | Temple   | Became a worshipper of Makhleb the Destroyer
  4946 | D:6      | Reached skill level 8 in Fighting
  5047 | D:6      | Reached XP level 9. HP: 61/70 MP: 0/0
  5047 | D:6      | Learned a level 3 spell: Stone Arrow
  5113 | D:6      | Reached skill level 1 in Armour
  5127 | D:6      | Reached * piety under Makhleb
  6033 | D:6      | Reached skill level 5 in Dodging
  6231 | D:6      | Found a bloodstained altar of Trog.
  6830 | D:7      | Found Decou's Hallowed Reliquary.
  6870 | D:6      | HP: 3/70 [something (4)]
  6870 | D:6      | Slain by an unseen horror

Illustrated notes

Levels and vault maps discovered:
D:1:      lightli_arrival_maybe_door_vault, layout_basic
D:2:      layout_basic, minmay_pentomino_z2
D:3:      layout_basic, mainiacjoe_overflow_alcove_2, gammafunk_ghost_smash,
          serial_undead, serial_undead_d, serial_undead_c, serial_undead_a,
          serial_undead_c, uniq_robin
D:4:      layout_loops_cross, grunt_temple_overflow_diamond,
          gammafunk_ghost_nasty_kobolds, chequers_serial_rivers_large_a
D:5:      layout_basic, temple_green, serial_demonic, serial_demonic_d,
          serial_demonic_c, serial_demonic_c, serial_demonic_c,
          minmay_fractal_squares_gapless_5
D:6:      layout_basic, trog_antimagical
D:7:      layout_basic, serial_rivers, chequers_serial_rivers_micro_c,
          chequers_serial_rivers_large_b, chequers_serial_rivers_room_a,
          chequers_serial_rivers_small_a, chequers_serial_rivers_small_a,
          chequers_serial_rivers_small_3, serial_shops, shop, nicolae_good_shop
Temple:   sentei_temple_godly_chess

Skill      XL: |  1  2  3  4  5  6  7  8  9 |
---------------+----------------------------+-----
Spellcasting   | 4 5 6 |  6.6
Conjurations   | 4 5 6 |  6.6
Hexes          | 4 5 6 |  6.6
Summonings     | 4 5 6 |  6.6
Necromancy     | 4 5 6 |  6.6
Translocations | 4 5 6 |  6.6
Fire Magic     | 4 5 6 |  6.6
Ice Magic      | 4 5 6 |  6.6
Air Magic      | 4 5 6 |  6.6
Earth Magic    | 4 5 6 |  6.6
Alchemy        | 4 5 6 |  6.6
Fighting       | 2 5 8 |  8.1
Armour         | 4 |  4.4
Dodging        | 5 |  5.0
Stealth        | |  1.6

Action                     |  1- 3 |  4- 6 |  7- 9 || total
---------------------------+-------+-------+-------++-------
  Melee: Spear             |       |       |     9 ||     9
   Cast: Magic Dart        |    91 |   116 |   170 ||   377
         Searing Ray       |       |     8 |    34 ||    42
         Iskenderun's Myst |       |       |     6 ||     6
    Use: Scroll            |       |       |    11 ||    11
 Armour: Robe              |     9 |     7 |       ||    16
         Leather armour    |       |    12 |   121 ||   133
  Dodge: Dodged            |     5 |    19 |    68 ||    92
  Block: Other             |       |     6 |    24 ||    30
         Reflection        |       |       |     2 ||     2

Table legend: (Time is in decaauts)
 A = Elapsed time spent in this place.
 B = Non-inter-level travel time spent in this place.
 C = Inter-level travel time spent in this place.
 D = Time resting spent in this place.
 E = Time spent auto-exploring this place.
 F = Levels seen in this place.
 G = Mean time per level.
                   A        B        C        D        E       F      G
               +--------+--------+--------+--------+--------+-----+--------+
         Total |   6878 |   6754 |    124 |      0 |   5521 |   8 |  859.8 |
       Dungeon |   6775 |   6651 |    124 |      0 |   5434 |   7 |  967.9 |
        Temple |    103 |    103 |      0 |      0 |     87 |   1 |  103.0 |
               +--------+--------+--------+--------+--------+-----+--------+

Top non-repeatable levels by time:
     D:6: 1408 daAuts
     D:5: 1380 daAuts
     D:2: 1039 daAuts
     D:3: 1013 daAuts
     D:4: 908 daAuts
     D:1: 591 daAuts
     D:7: 434 daAuts
  Temple: 103 daAuts
